 Dungeon Crawl Stone Soup version 0.21-a0-128-gf2b353c (webtiles) character file.

135 Charly the Charmwright (level 5, -3/50 HPs)
             Began as an Ogre Skald on July 16, 2017.
             Slain by a worker ant (6 damage)
             ... on level 5 of the Dungeon.
             The game lasted 00:14:59 (1317 turns).

Charly the Charmwright (Ogre Skald)                 Turns: 1317, Time: 00:15:00

Health: -3/50      AC:  3    Str: 15    XL:     5   Next: 18%
Magic:  1/9        EV: 15    Int: 15    God:
Gold:   132        SH:  0    Dex: 13    Spells: 3/9 levels left

rFire    . . .     SeeInvis .     - Unarmed
rCold    . . .     Gourm    .   (no shield)
rNeg     . . .     Faith    .   a - +0 robe
rPois    .         Spirit   .   (helmet restricted)
rElec    .         Reflect  .   (no cloak)
rCorr    .         Harm     .   (gloves unavailable)
MR       .....                  (boots unavailable)
Stlth    ++........             (no amulet)
HPRegen  0.16/turn              (no ring)
MPRegen  0.11/turn              (no ring)

@: agile, very slightly contaminated
A: unfitting armour, tough skin 1
a: no special abilities


You were on level 5 of the Dungeon.
You were not hungry.

You visited 1 branch of the dungeon, and saw 6 of its levels.

You collected 132 gold pieces.

Inventory:

Missiles
 i - 6 curare-tipped needles
Armour
 a - a +0 robe (worn)
Wands
 k - a wand of flame (0/48)
Scrolls
 d - a scroll of enchant weapon
 e - a scroll of teleportation
 h - a scroll of immolation {unknown}
 j - a scroll of fog {unknown}
 n - a scroll of identify {unknown}
 o - a scroll of fear {unknown}
Potions
 f - a potion of lignification
 l - a potion of resistance
 m - a potion of agility
Books
 b - a book of Battle

   Spells                             Type                      Level
   a - Infusion                       Charms                       1
   b - Shroud of Golubria             Charms/Translocation         2
   c - Song of Slaying                Charms                       2
   d - Spectral Weapon                Hexes/Charms                 3
   e - Regeneration                   Charms/Necromancy            3
Comestibles
 c - 3 bread rations


   Skills:
 - Level 2.6 Fighting
 - Level 2.1 Dodging
 - Level 3.1 Unarmed Combat
 + Level 2.9 Spellcasting
 + Level 3.6 Charms
 + Level 1.8 Necromancy


You had 3 spell levels left.
You knew the following spells:

 Your Spells              Type           Power        Failure   Level  Hunger
a - Infusion              Chrm           ##..         4%          1    #......
g - Shroud of Golubria    Chrm/Tloc      #.........   14%         2    ##.....
r - Regeneration          Chrm/Necr      ##........   21%         3    ###....


Dungeon Overview and Level Annotations

Branches:
Dungeon (6/15)
 Temple: D:4-7

Altars:
Kikubaaqudgha

Annotations:
D:2 Robin


Innate Abilities, Weirdness & Mutations

You are too large for most types of armour.
You have tough skin. (AC +1)


Message History

Press: ? - help, Shift-Dir - straight line, f/p - worker ant
Aim: a worker ant (moderately wounded) Nothing appears to happen.
The worker ant bites you!
* * * LOW HITPOINT WARNING * * *
Evoke which item? (* to show all) (? for menu, Esc to quit)
This wand has no charges.
Evoke which item? (* to show all) (? for menu, Esc to quit)
Okay, then.
It was a potion of agility.
You feel agile all of a sudden. The worker ant bites you.
* * * LOW HITPOINT WARNING * * *
You hit the worker ant.
The worker ant is heavily wounded.
The worker ant bites you.
* * * LOW HITPOINT WARNING * * *
You closely miss the worker ant.
The worker ant is moderately wounded.
The worker ant bites you.
You die...

##+#.#.....#
#. #.#.###...#
#. #.#.# ...#
#. #.#.# ...#
#. ######.#.#
#..# #[
#......#.# #.#
#. #......'.#
#a##......###
#.@'......'.#
####......#.#
###
#.......#.#
########.#
#.......#.#
.........#
#.......#.#
########.#
######.$#'##.#
# #.#
#....รท.)#.#
.# # #.#
#.####..#....#
# #.# #.#
#..######


You could see a worker ant.

Vanquished Creatures
  An orc wizard (D:2)
  A worker ant (D:4)
  An adder (D:3)
  A shadow imp (D:5)
  An ooze (D:1)
  A dart slug (D:3)
  2 leopard geckos
  6 orcs
  4 bats
  6 giant cockroaches
  8 goblins
  5 hobgoblins
  3 quokkas
  A ball python (D:1)
  3 frilled lizards
  5 kobolds
  3 rats
52 creatures vanquished.

Notes
Turn   | Place    | Note
-------+----------+-------------------------------------------
     0 | D:1      | Charly the Ogre Skald began the quest for the Orb.
     0 | D:1      | Reached XP level 1. HP: 22/22 MP: 3/3
    70 | D:2      | Noticed Robin
    83 | D:1      | Reached XP level 2. HP: 23/29 MP: 0/5
   109 | D:1      | Learned a level 2 spell: Shroud of Golubria
   166 | D:1      | Reached XP level 3. HP: 20/36 MP: 0/6
   171 | D:1      | Learned a level 3 spell: Regeneration
   290 | D:3      | Noticed a necrophage
   340 | D:2      | HP: 1/36 [hobgoblin (4)]
   451 | D:2      | Reached skill level 1 in Necromancy
   533 | D:2      | Reached XP level 4. HP: 5/44 MP: 2/7
   949 | D:4      | Reached XP level 5. HP: 50/50 MP: 5/9
   975 | D:5      | Entered Level 5 of the Dungeon
  1223 | D:5      | Found an ancient bone altar of Kikubaaqudgha.
  1317 | D:5      | Slain by a worker ant

Vault maps used:
D:1:      minmay_arrival_plants_in_alcoves, serial_forest,
          infiniplex_forest_lined_corner, infiniplex_forest_clump_small,
          infiniplex_forest_lined_room_2, infiniplex_forest_lined_corner,
          infiniplex_forest_clump_tiny
D:2:      uniq_robin
D:3:      first_bread, kennysheep_crisscross, uniq_sigmund, uniq_grinder
D:4:      serial_glass, glass_columns_b, glass_columns_c, feat_on_display,
          minmay_strange_pillars, feat_on_display, minmay_strange_pillars,
          uniq_crazy_yiuf_cottage
D:5:      tgw_kikubaaqudgha
D:6:      cheibriados_altar_1, uniq_duvessa

Skill      XL: |  1  2  3 |
---------------+----------+-----
Unarmed Combat | 2 3 |  3.1
Necromancy     | 1 |  1.8
Charms         | 3 |  3.6
Fighting       | |  2.6
Dodging        | |  2.1
Spellcasting   | |  2.9

Action                   |  1- 3 |  4- 6 || total
-------------------------+-------+-------++-------
Melee: Unarmed           |   148 |   162 ||   310
       Punch             |     1 |       ||     1
 Cast: Infusion          |     8 |       ||     8
       Regeneration      |     5 |    12 ||    17
       Shroud of Golubri |       |     9 ||     9
Evoke: Wand              |       |     8 ||     8
  Use: Potion            |     1 |     2 ||     3
       Scroll            |       |     2 ||     2
  Eat: Royal jelly       |       |     1 ||     1
       Chunk             |       |     1 ||     1
       Meat ration       |       |     1 ||     1
Armor: Robe              |    43 |    22 ||    65
Dodge: Dodged            |    73 |    78 ||   151
